 Dungeon Crawl Stone Soup version 0.16-a0-282-ga87e286 (webtiles) character file.

802 Kashira the Shooter (level 7, -1/56 HPs)
             Began as a Centaur Hunter on Aug 27, 2014.
             Was an Initiate of Ashenzari.
             Slain by a wight
             ... wielding a +0 trident
              (7 damage)
             ... on Level 6 of the Dungeon.
             The game lasted 01:25:52 (6434 turns).

Kashira the Shooter (Centaur Hunter)                Turns: 6434, Time: 01:25:54

HP  -1/56        AC 15     Str 15      XL: 7   Next: 59%
MP   5/5         EV  7     Int 10      God: Ashenzari [......]
Gold 208         SH  7     Dex 11      Spells:  0 memorised,  6 levels left

rFire  . . .     SeeInvis .     E - +1 mace (protect) (curse)
rCold  . . .     Clarity  .     A - +0 leather armour (curse)
rNeg   . . .     rCorr    .     G - +0 shield (curse)
rPois  .         rRot     .     (no helmet)
rElec  .         Spirit   .     (no cloak)
SustAb .         Warding  .     C - +0 pair of gloves (curse)
rMut   .         Stasis   .     (no barding)
Gourm  .                        (no amulet)
MR     .....                    (no ring)
                                l - cursed +5 ring of protection

@: drained, very quick, not resistant to hostile enchantments, very unstealthy
A: hooves 3, deformed body, speed 2, tough skin 3
a: Renounce Religion


You were on level 6 of the Dungeon.
You worshipped Ashenzari.
Ashenzari was noncommittal.
You were very full.

You visited 2 branches of the dungeon, and saw 7 of its levels.

You collected 208 gold pieces.

Inventory:

Hand weapons
 a - a +0 short sword
 b - a +2 shortbow
 c - a +0 flail
 e - a +0 war axe
 p - a +0 flail
 q - a +0 cutlass
 u - a +0 blowgun
 v - a +0 short sword
 y - a +0 hunting sling
 E - a cursed +1 mace of protection (weapon)
 F - a cursed +0 long sword
Missiles
 h - 27 bolts (quivered)
 i - 24 stones
 m - a throwing net
 r - 2 needles of confusion
 w - 7 poisoned needles
 B - 2 arrows
 I - 9 sling bullets
Armour
 d - a +0 leather armour
 j - a +1 ring mail
 s - a +0 robe
 A - a cursed +0 leather armour (worn)
 C - a cursed +0 pair of gloves (worn)
 G - a cursed +0 shield (worn)
Comestibles
 f - a bread ration
 g - 3 slices of pizza
 n - 3 meat rations
Scrolls
 k - 2 scrolls of curse armour
 z - 2 scrolls of identify
 J - a scroll of curse jewellery
 K - a scroll of curse weapon
Jewellery
 l - a cursed +5 ring of protection (left hand)
Potions
 o - a potion of invisibility
Books
 D - a book of the Earth

   Spells                             Type                      Level
   Leda's Liquefaction                Hexes/Earth                  4
   Bolt of Magma                      Conjuration/Fire/Earth       5
   Statue Form                        Transmutation/Earth          6
   Iron Shot                          Conjuration/Earth            6
   Shatter                            Earth                        9


   Skills:
 + Level 2.5(2.3) Fighting
 + Level 1.3(1.1) Maces & Flails
 + Level 3.1(3.4) Slings
 + Level 7.2(7.0) Bows
 + Level 3.4(4.0) Throwing
 + Level 2.1(2.0) Armour
 + Level 3.2(3.1) Dodging
 + Level 1.2(1.1) Stealth
 + Level 0.1(0.0) Shields


You had 6 spell levels left.
You didn't know any spells.

Dungeon Overview and Level Annotations

Branches:
Dungeon (6/15)             Temple (1/1) D:5

Altars:
Ashenzari
Cheibriados
Elyvilon
Fedhas
Kikubaaqudgha
Nemelex Xobeh
Qazlal
Sif Muna
Trog
Xom
Yredelemnul
The Shining One

Annotations:
D:2 Sigmund


Innate Abilities, Weirdness & Mutations

You have hooves in place of feet.
Armour fits poorly on your strangely shaped body.
You cover ground very quickly.
You have extremely tough skin (AC +3).


Message History

You feel less woody.
Your cursed +0 pair of gloves unmelds from your body.
Your cursed +0 leather armour unmelds from your body.
The wight hits you from afar with a trident.
* * * LOW HITPOINT WARNING * * *
The wight hits you but does no damage.
The wight hits you from afar with a spear!
* * * LOW HITPOINT WARNING * * *
Things that are here:
a +2 hand axe of freezing; a +0 robe; a +0 robe You hit the wight.
You kick the wight, but do no damage.
The wight is moderately damaged.
The wight closely misses you. The wight hits you but does no damage.
You hit the wight.
The wight is heavily damaged.
The wight hits you with a trident.
* * * LOW HITPOINT WARNING * * *
You block the wight's attack. The wight hits you but does no damage.
The wight hits you with a trident!
You die...

.##...###..###
.##.......#..##
.###....###...###
..##...####.....#
..............###
............###
...........## ###
...........# ##.#
...........#####@##
..............zz##
..............z##
..............##
..........###.#
..........# #.#
........... ##.
............ .#
.......... .#


You could see 3 wights.

Vanquished Creatures
  An ice beast (D:6)
  A necrophage (D:5)
  A centaur (D:6)
  A giant frog (D:6)
  2 wights (D:6)
  2 crimson imps
  3 hounds
  2 orc priests (D:4)
  The ghost of Charly the Firebug, a weakling DrFE of Vehumet (D:4)
  6 adders
  2 worms
  3 giant mites (D:4)
  An adder skeleton (D:4)
  A giant gecko (D:1)
  9 orcs
  6 giant cockroaches
  8 goblins
  8 hobgoblins
  14 kobolds
  5 bats
  A giant gecko zombie (D:4)
  2 giant newts (D:1)
  A gnoll skeleton (D:4)
  4 jackals (D:6)
  A kobold skeleton (D:5)
  8 rats
94 creatures vanquished.

Notes
Turn   | Place    | Note
--------------------------------------------------------------
     0 | D:1      | Kashira, the Centaur Hunter, began the quest for the Orb.
     0 | D:1      | Reached XP level 1. HP: 16/16 MP: 1/1
   370 | D:1      | Reached XP level 2. HP: 10/23 MP: 2/2
   751 | D:1      | Reached skill level 6 in Bows
  1484 | D:2      | Noticed Sigmund
  1941 | D:3      | Reached XP level 3. HP: 23/28 MP: 3/3
  2277 | D:3      | Found a sparkling altar of Nemelex Xobeh.
  2504 | D:4      | Noticed Charly's ghost (weakling DrFE)
  2522 | D:4      | Killed Charly's ghost
  2522 | D:4      | Reached skill level 1 in Armour
  2522 | D:4      | Reached XP level 4. HP: 32/35 MP: 3/3
  2630 | D:4      | Reached skill level 7 in Bows
  2630 | D:4      | Reached skill level 1 in Stealth
  3271 | D:4      | Reached XP level 5. HP: 29/40 MP: 4/4
  3374 | D:4      | Reached skill level 1 in Throwing
  3699 | D:5      | Entered Level 5 of the Dungeon
  3699 | D:5      | Found a glowing golden altar of the Shining One.
  4189 | D:4      | Reached XP level 6. HP: 47/47 MP: 5/5
  4400 | D:5      | Noticed a necrophage
  4761 | D:5      | Killed a necrophage
  4761 | D:5      | Reached skill level 1 in Slings
  4899 | D:5      | Found a staircase to the Ecumenical Temple.
  4905 | Temple   | Entered the Ecumenical Temple
  4956 | Temple   | Became a worshipper of Ashenzari the Shackled
  5633 | D:6      | Reached XP level 7. HP: 26/55 MP: 5/5
  6243 | D:6      | Found a snail-covered altar of Cheibriados.
  6257 | D:6      | Reached skill level 1 in Maces & Flails
  6434 | D:6      | Slain by a wight

Action                   |  1- 3 |  4- 6 |  7- 9 || total
-------------------------+-------+-------+-------++-------
Melee: Shortbow          |    74 |    11 |       ||    85
       Mace              |       |   127 |    63 ||   190
       War axe           |       |     9 |       ||     9
       Blowgun           |       |     6 |       ||     6
       Hunting sling     |       |     1 |       ||     1
 Fire: Shortbow          |   115 |    27 |       ||   142
       Blowgun           |       |    61 |       ||    61
       Hunting sling     |       |    30 |       ||    30
Throw: Throwing net      |       |     3 |       ||     3
  Use: Scroll            |     7 |     8 |     2 ||    17
       Potion            |     3 |     3 |     3 ||     9
 Stab: Invisible         |     3 |       |       ||     3
  Eat: Chunk             |     3 |     2 |       ||     5
       Bread ration      |       |     1 |     1 ||     2
       Pizza             |       |     1 |       ||     1
       Meat ration       |       |       |     1 ||     1
